 Dungeon Crawl Stone Soup version 0.31-a0-174-g85c54bcb58 (webtiles) character file.

Game seed: 17343663076497972160

1152 qw the Skirmisher (level 8, -1/49 HPs)
             Began as a Gargoyle Hunter on June 15, 2023.
             Slain by a two-headed hydra (10 damage)
             ... on level 8 of the Dungeon.
             The game lasted 00:01:43 (3123 turns).

qw the Skirmisher (Gargoyle Hunter)                 Turns: 3123, Time: 00:01:44

Health: -1/49      AC: 12    Str: 16    XL:     8   Next: 38%
Magic:  8/8        EV: 11    Int:  9    God:
Gold:   182        SH:  0    Dex: 15    Spells: 7/7 levels left

rFire   . . .        Y - +0 shortbow
rCold   . . .        (shield currently unavailable)
rNeg    + . .        i - +0 ring mail
rPois   inf          b - +0 helmet "Agoa" {+Inv}
rElec   +            (no cloak)
rCorr   .            (no gloves)
SInv    .            (no boots)
Will    +....        d - amulet of regeneration
Stlth   +            g - ring of willpower
HPRegen 1.08/turn    (no ring)
MPRegen 0.11/turn

%: no passive effects
@: no status effects
A: sickness immunity, AC +5, negative energy resistance 1, electricity
resistance, torment resistance 1, petrification resistance
a: Evoke Invisibility


You were on level 8 of the Dungeon.
You visited 1 branch of the dungeon, and saw 6 of its levels.

You collected 232 gold pieces.
You spent 50 gold pieces at shops.


Innate Abilities, Weirdness & Mutations

You are immune to sickness and miasma.
Your stone body is resilient. (AC +5)
You are immune to poison.
You resist negative energy. (rN+)
You are resistant to electric shocks. (rElec)
You are resistant to unholy torment.
You are immune to petrification.


   Skills:
 - Level 5.0 Fighting
 + Level 8.7 Ranged Weapons
 - Level 2.2 Armour
 - Level 3.1 Dodging
 - Level 1.1 Stealth


You had 7 spell levels left.
You didn't know any spells.
Your spell library was empty.

Inventory:

Hand Weapons
 Y - a +0 shortbow (weapon)
Armour
 b - the +0 helmet "Agoa" (worn) {+Inv}
   (You took it off Robin on level 2 of the Dungeon)

   +Inv:      It lets you turn invisible.
 i - a +0 ring mail (worn)
Jewellery
 d - an amulet of regeneration (around neck)
 g - a ring of willpower (left hand)
Scrolls
 c - a scroll of identify
Potions
 a - a potion of haste
 e - a potion of enlightenment {unknown}
 h - a potion of ambrosia {unknown}
 j - a potion of curing

Dungeon Overview and Level Annotations

Branches:
Dungeon (5/15)
 Temple: D:4-7

Altars:

Shops:
D:1 :   D:2 :   D:3 *


Message History

You shoot an arrow. The arrow hits the two-headed hydra.
The two-headed hydra is lightly wounded.
The two-headed hydra bites you but does no damage.
The two-headed hydra bites you.
3114 ||| DRINKING 2 potions of heal wounds.
You feel much better. The two-headed hydra bites you.
The two-headed hydra bites you!
3115 ||| DRINKING potion of heal wounds.
You feel much better.
The two-headed hydra closely misses you.
The two-headed hydra bites you!
You shoot an arrow. The arrow hits the two-headed hydra.
The two-headed hydra is lightly wounded.
The two-headed hydra bites you but does no damage.
The two-headed hydra barely misses you.
You shoot an arrow. The arrow hits the two-headed hydra.
The two-headed hydra is lightly wounded.
The two-headed hydra bites you but does no damage.
The two-headed hydra bites you.
You shoot an arrow. The arrow hits the two-headed hydra.
The two-headed hydra is moderately wounded.
The two-headed hydra barely misses you.
The two-headed hydra bites you but does no damage.
You shoot an arrow. The arrow hits the two-headed hydra!
The two-headed hydra is moderately wounded.
The two-headed hydra barely misses you. x2
You shoot an arrow. The arrow hits the two-headed hydra!
The two-headed hydra is heavily wounded.
The two-headed hydra bites you! The two-headed hydra barely misses you.
You shoot an arrow.
The arrow barely misses the two-headed hydra.
The arrow closely misses the kobold brigand.
The two-headed hydra bites you! x2
You shoot an arrow. The arrow hits the two-headed hydra!
The two-headed hydra is heavily wounded.
The two-headed hydra bites you but does no damage. x2
You shoot an arrow. The arrow hits the two-headed hydra.
The two-headed hydra is heavily wounded.
The two-headed hydra bites you!
You die...

... ... ....
########## #....
#PP~P@DK.#
#....#####P~)~~#..#
........+#~.~~P##+#
........##.....#..#
.........%.7)7.'..#
........##~.7..'..#
........##.7.7.'..#
##########.....#..#
##########


You could see a two-headed hydra and a kobold brigand.

Vanquished Creatures
  2 dream sheep (D:8)
  Menkaure (D:4)
  3 kobold brigands
  A bullfrog (D:4)
  A jelly (D:4)
  3 iguanas
  Robin (D:2)
  2 adders
  12 gnolls (D:4)
  A shadow imp (D:5)
  3 dart slugs
  3 orcs (D:4)
  5 ball pythons
  6 bats
  9 endoplasms
  6 giant cockroaches
  13 goblins
  12 hobgoblins
  3 jackals (D:3)
  3 frilled lizards
  40 kobolds
  4 rats
134 creatures vanquished.

Notes
Turn   | Place    | Note
-------+----------+-------------------------------------------
     0 | D:1      | qw the Gargoyle Hunter began the quest for the Orb.
     0 | D:1      | Reached XP level 1. HP: 12/12 MP: 1/1
     0 | D:1      | 0 ||| qw: Version: 0.2-a-29-g511e9b1
     0 | D:1      | 0 ||| qw: Game counter: 5370
     0 | D:1      | 0 ||| qw: Always use a shield: true
     0 | D:1      | 0 ||| qw: God list: Okawaru
     0 | D:1      | 0 ||| qw: Allow faded altars: false
     0 | D:1      | 0 ||| qw: Do Orc after D:15 true
     0 | D:1      | 0 ||| qw: Do second Lair branch before Depths: true
     0 | D:1      | 0 ||| qw: Lair rune preference: random
     0 | D:1      | 0 ||| qw: Plans: Normal, Zot:1-4, Slime:5, God:TSO, Crypt,
                  | Tomb, Abyss, Pan, Hells, Win
     0 | D:1      | 0 ||| PLANNING D:1-11
    88 | D:1      | Reached XP level 2. HP: 17/17 MP: 2/2
   171 | D:1      | Found Kell's Book Shoppe.
   322 | D:1      | Reached XP level 3. HP: 10/21 MP: 3/3
   467 | D:1      | Reached skill level 5 in Ranged Weapons
   514 | D:1      | 514 ||| UPGRADING to +0 ring mail.
   524 | D:1      | 524 ||| DROPPING +0 leather armour.
   525 | D:1      | 525 ||| DROPPING ring of wizardry.
   526 | D:1      | 526 ||| READING scroll labelled FOPNIL KUDU.
   527 | D:1      | 527 ||| READING 2 scrolls labelled XIDYEWNO SOB GIA.
   628 | D:1      | 628 ||| READING scroll labelled QAUP NEPE.
   629 | D:1      | 629 ||| READING scroll labelled UGROTZYUD.
   633 | D:1      | 633 ||| DROPPING scroll of butterflies.
   634 | D:1      | 634 ||| DROPPING scroll of silence.
   696 | D:2      | Found Dichakh's Book Emporium.
   817 | D:2      | Identified the +0 helmet "Agoa" {+Inv}
   817 | D:2      | Noticed Robin
   821 | D:2      | Reached skill level 1 in Armour
   821 | D:2      | Killed Robin
   853 | D:2      | Reached XP level 4. HP: 27/27 MP: 4/4
   860 | D:2      | Reached skill level 3 in Fighting
  1123 | D:2      | 1123 ||| UPGRADING to +0 helmet "Agoa" {+Inv}.
  1128 | D:2      | 1128 ||| UPGRADING to amulet of regeneration.
  1375 | D:3      | Found Keessaa's General Store.
  1383 | D:3      | 1383 ||| SHOPLISTING potion of haste (100 gold, have 82).
  1383 | D:3      | 1383 ||| BUYING potion of heal wounds (50 gold).
  1383 | D:3      | Bought a potion of heal wounds for 50 gold pieces
  1383 | D:3      | 1383 ||| SHOPLISTING potion of mutation (80 gold, have 32).
  1657 | D:3      | 1657 ||| UPGRADING to ring of willpower.
  1658 | D:3      | 1658 ||| READING 2 scrolls labelled BARAS KUATUA.
  1659 | D:3      | 1659 ||| READING 2 scrolls of identify.
  1659 | D:3      | 1659 ||| IDENTIFYING brown potion
  1660 | D:3      | 1660 ||| DROPPING scroll of fog.
  1777 | D:4      | Noticed Menkaure
  1788 | D:4      | Killed Menkaure
  1789 | D:4      | Reached skill level 6 in Ranged Weapons
  1789 | D:4      | Reached XP level 5. HP: 32/32 MP: 5/5
  1857 | D:4      | Reached XP level 6. HP: 31/37 MP: 6/6
  2218 | D:4      | Reached skill level 7 in Ranged Weapons
  2238 | D:4      | 2238 ||| Stepping ~*~*~tactically~*~*~ (outnumbered).
  2305 | D:4      | Reached XP level 7. HP: 43/43 MP: 7/7
  2877 | D:4      | 2877 ||| READING scroll labelled IHULIE YGRAPA.
  2938 | D:5      | Entered Level 5 of the Dungeon
  2944 | D:5      | 2944 ||| STAIRDANCE
  2950 | D:4      | Reached skill level 8 in Ranged Weapons
  3022 | D:5      | You fall into a shaft and drop 3 floors!
  3049 | D:8      | 3049 ||| DRINKING 2 metallic pink potions.
  3050 | D:8      | Noticed a dream sheep
  3051 | D:8      | Noticed a dream sheep
  3066 | D:8      | Killed a dream sheep
  3067 | D:8      | Reached skill level 3 in Dodging
  3067 | D:8      | Reached XP level 8. HP: 25/49 MP: 8/8
  3072 | D:8      | Killed a dream sheep
  3105 | D:8      | Noticed a two-headed hydra
  3113 | D:8      | HP: 9/49 [two-headed hydra (6)]
  3114 | D:8      | 3114 ||| DRINKING 2 potions of heal wounds.
  3115 | D:8      | 3115 ||| DRINKING potion of heal wounds.
  3121 | D:8      | HP: 6/49 [two-headed hydra (8)]
  3123 | D:8      | Slain by a two-headed hydra

Levels and vault maps discovered:
D:1:      evilmike_arrival_home_sweet_home, layout_rooms, serial_shops, shop
D:2:      layout_rooms, serial_shops, nicolae_shop_behind_doors, uniq_robin
D:3:      layout_basic, serial_shops, shop, minmay_fountain_box
D:4:      minmay_goblin_kobold_castle, layout_loops_corners,
          nrook_mini_backslash, uniq_menkaure
D:5:      layout_basic, mainiacjoe_overflow_alcove_2,
          minmay_temple_entry_sparse_star
D:8:      layout_gridville, hangedman_ranch

Skill      XL: |  1  2  3  4  5  6  7 |
---------------+----------------------+-----
Ranged Weapons | 5 6 7 8 |  8.7
Armour         | 1 2 |  2.2
Fighting       | 3 4 5 |  5.0
Dodging        | 3 |  3.1
Stealth        | |  1.1

Action                     |  1- 3 |  4- 6 |  7- 9 || total
---------------------------+-------+-------+-------++-------
   Fire: Shortbow          |   104 |   187 |   189 ||   480
    Use: Scroll            |     4 |     2 |     1 ||     7
         Potion            |       |       |     3 ||     3
 Armour: Leather armour    |     6 |       |       ||     6
         Ring mail         |    10 |    38 |    89 ||   137
  Dodge: Dodged            |    27 |    58 |   115 ||   200

Table legend:
 A = Non-vault XP
 B = Vault XP
 C = Vault XP percentage of total XP
 D = Non-vault monster count
 E = Vault monster count
 F = Vault count percentage of total count
                 A         B        C        D         E       F
            +---------+---------+-------+---------+---------+-------
      Total |     395 |    1251 |  76.0 |      66 |      68 |  50.7
            +---------+---------+-------+---------+---------+-------
        D:1 |      39 |       0 |   0.0 |      20 |       0 |   0.0
        D:2 |      34 |      37 |  52.1 |      15 |      12 |  44.4
        D:3 |      19 |       0 |   0.0 |      11 |       0 |   0.0
        D:4 |     218 |     498 |  69.6 |      17 |      52 |  75.4
        D:5 |      85 |       0 |   0.0 |       3 |       0 |   0.0
        D:8 |       0 |     716 | 100.0 |       0 |       4 | 100.0
            +---------+---------+-------+---------+---------+-------
